 Dungeon Crawl Stone Soup version 0.30-a0-800-g7c544603b3 (webtiles) character file.

Game seed: 7067972312442459599

164 jimonade the Magician (level 5, -5/35 HPs)
             Began as a Djinni Venom Mage on Feb 22, 2023.
             Splashed by a jelly's acid (10 damage)
             ... on level 3 of the Dungeon.
             The game lasted 00:08:42 (3014 turns).

jimonade the Magician (Djinni Venom Mage)           Turns: 3014, Time: 00:08:44

Health: -5/35      AC:  2    Str:  9    XL:     5   Next: 73%
Gold:   152        EV: 12    Int: 16    God:
                   SH:  0    Dex: 14

rFire   + + .      SeeInvis .    b - staff of air
rCold   . . .      Faith    .    (no shield)
rNeg    . . .      Spirit   .    c - +0 robe
rPois   ∞          Reflect  .    (no helmet)
rElec   +          Harm     .    (no cloak)
rCorr   .          Rampage  .    (no gloves)
Will    .....                    (boots unavailable)
Stlth   ++                       (no amulet)
HPRegen 0.25/turn                h - ring of protection from cold
MPRegen 0.00/turn                (no ring)

@: flying
A: sickness immunity, fire resistance 2, cold vulnerability 1, float, innate
caster, HP casting, extra vitality 1
a: no special abilities


You were on level 3 of the Dungeon.
You visited 1 branch of the dungeon, and saw 3 of its levels.

You collected 152 gold pieces.

Inventory:

Hand Weapons
 a - a +2 dagger of venom
 q - a +0 short sword
Missiles
 j - 3 curare-tipped darts
Armour
 c - a +0 robe (worn)
 t - a +2 ring mail of poison resistance
Magical Staves
 b - a staff of air (weapon)
Jewellery
 h - a ring of protection from cold (left hand)
Scrolls
 d - a scroll of noise {unknown}
 e - a scroll of identify {unknown}
 f - a scroll of fear {unknown}
 l - 2 scrolls of blinking {unknown}
 o - a scroll of immolation {unknown}
 r - a scroll of amnesia {unknown}
 s - 6 scrolls of teleportation {unknown}
Potions
 g - a potion of brilliance {unknown}
 i - a potion of curing {unknown}
 k - 2 potions of attraction {unknown}
 m - 2 potions of haste {unknown}
 n - a potion of might {unknown}
 p - 2 potions of degeneration {unknown}
 u - 3 potions of lignification {unknown}
 v - a potion of flight {unknown}
 w - a potion of berserk rage {unknown}
 x - a potion of cancellation {unknown}


   Skills:
 + Level 0.3 Fighting
 + Level 0.1 Short Blades
 + Level 2.4 Dodging
 - Level 1.5 Stealth
 * Level 4.5 Spellcasting


You knew the following spells:

 Your Spells              Type           Power      Damage    Failure   Level
a - Sting                 Tmut/Pois      72%        1d6       2%          1
b - Poisonous Vapours     Pois/Air       54%        N/A       3%          2
c - Mephitic Cloud        Conj/Pois/Air  27%        N/A       8%          3
d - Olgreb's Toxic Radia  Pois           18%        N/A       26%         4
e - Foxfire               Conj/Fire      72%        2x1d7     2%          1
f - Scorch                Fire           36%        2d7       3%          2
Your spell library was empty.

Dungeon Overview and Level Annotations

Branches:
Dungeon (3/15)

Altars:


Innate Abilities, Weirdness & Mutations

You are immune to sickness and miasma.
You are immune to poison.
Your flesh is very heat resistant. (rF++)
You are vulnerable to cold. (rC-)
You float through the air rather than walking.
You learn spells naturally, not from books.
Your magical power is your life essence.
You have superior vitality. (+4 MHP)


Message History

You are frozen.
The endoplasm hits you but does no damage.
Casting: Scorch (safe; 4% risk of failure)
Confirm with . or Enter, or press ? or * to list all spells.
Flames lash the endoplasm.
You kill the endoplasm!
A jelly comes into view.
The jelly barely misses you.
Casting: Scorch (safe; 4% risk of failure)
Confirm with . or Enter, or press ? or * to list all spells.
Flames lash the jelly.
The jelly is moderately wounded.
The jelly's fire resistance burns away.
The jelly hits you.
You are splashed with acid!
The jelly closely misses you.
Unknown command.
Unknown command.
Casting: Scorch (safe; 4% risk of failure)
Confirm with . or Enter, or press ? or * to list all spells.
Flames lash the jelly.
The jelly is heavily wounded.
The jelly's fire resistance burns away.
* * * LOW HITPOINT WARNING * * *
The jelly misses you.
Casting: Scorch (safe; 4% risk of failure)
Confirm with . or Enter, or press ? or * to list all spells.
Flames lash the jelly.
The jelly is burned terribly!
You kill the jelly!
* * * LOW HITPOINT WARNING * * *
The jelly closely misses you.
Casting: Scorch (safe; 3% risk of failure)
Confirm with . or Enter, or press ? or * to list all spells.
Flames lash the endoplasm.
You kill the endoplasm!
* * * LOW HITPOINT WARNING * * *
An endoplasm comes into view.
The jelly hits you.
* * * LOW HITPOINT WARNING * * *
You are splashed with acid!
You die...

........### ##.....## ..........#
#...)...# ........#.###.......#
##########
...........##.......####........#
...........##.......##......###.#
..........###....#######.##.###..
#.....#.### #....'..## #........#
#.....#.# ########.# ##.......#
#.....#.# #.J@...## #.#..##.#
#.....#.# #J####### #.##.##.#
#.....#.# #.÷ #.......# #.#.###.#
#.J #####)##.. #.(.....# #..
##.###.#### ###...######..
#...##.#### ##.......'##.P
#.......... #.....######..
#...##.##.# #.##.## ##.###.##.#


You could see a jelly (combustible) and an endoplasm.

Vanquished Creatures
  A jelly (D:3)
  Jessica (D:2)
  An adder (D:2)
  4 dart slugs
  4 orcs (D:3)
  11 endoplasms
  A giant cockroach (D:1)
  9 goblins
  4 hobgoblins
  7 jackals
  3 quokkas
  4 ball pythons
  9 bats
  5 frilled lizards
  12 kobolds
  7 rats
83 creatures vanquished.

Vanquished Creatures (others)
  A fungus (D:3)
  6 toadstools (D:3)
7 creatures vanquished.

Grand Total: 90 creatures vanquished

Notes
Turn   | Place    | Note
-------+----------+-------------------------------------------
     0 | D:1      | jimonade the Djinni Venom Mage began the quest for the Orb.
     0 | D:1      | jimonade set off with the following spells memorised:
                  | Sting, Poisonous Vapours, Mephitic Cloud, Olgreb's Toxic
                  | Radiance.
     0 | D:1      | Reached XP level 1. HP: 15/15 MP: 0/0
   131 | D:1      | Reached XP level 2. HP: 19/21 MP: 0/0
   376 | D:1      | Reached skill level 3 in Spellcasting
   442 | D:1      | Reached XP level 3. HP: 23/25 MP: 0/0
   442 | D:1      | Learned a level 1 spell: Foxfire
   998 | D:2      | Noticed Jessica
  1004 | D:2      | Killed Jessica
  1005 | D:2      | Reached XP level 4. HP: 27/31 MP: 0/0
  1867 | D:3      | Reached skill level 4 in Spellcasting
  1867 | D:3      | Reached XP level 5. HP: 33/35 MP: 0/0
  1867 | D:3      | Learned a level 2 spell: Scorch
  3014 | D:3      | Splashed by a jelly's acid

Illustrated notes

Levels and vault maps discovered:
D:1:      matt_arrival_grand_opening, layout_loops_ring, due_unseen_surprise
D:2:      layout_basic, uniq_jessica
D:3:      cheibrodos_fertilizer, layout_loops_corners, minmay_misc_feat_cross

Skill      XL: |  1  2  3  4 |
---------------+-------------+-----
Spellcasting   | 3 4 |  4.5
Fighting       | |  0.3
Short Blades   | |  0.1
Dodging        | |  2.4
Stealth        | |  1.5

Action                     |  1- 3 |  4- 6 || total
---------------------------+-------+-------++-------
  Melee: Short sword       |     1 |     1 ||     2
         Dagger            |       |     2 ||     2
   Cast: Sting             |    55 |    26 ||    81
         Poisonous Vapours |     1 |    48 ||    49
         Scorch            |       |    10 ||    10
         Mephitic Cloud    |       |     2 ||     2
   Stab: Sleeping          |     1 |       ||     1
 Armour: Robe              |     5 |     5 ||    10
  Dodge: Dodged            |    15 |    18 ||    33

Table legend: (Time is in decaauts)
 A = Elapsed time spent in this place.
 B = Non-inter-level travel time spent in this place.
 C = Inter-level travel time spent in this place.
 D = Time resting spent in this place.
 E = Time spent auto-exploring this place.
 F = Levels seen in this place.
 G = Mean time per level.
                   A        B        C        D        E       F      G
               +--------+--------+--------+--------+--------+-----+--------+
         Total |   3009 |   2945 |     64 |     71 |   2210 |   3 | 1003.0 |
       Dungeon |   3009 |   2945 |     64 |     71 |   2210 |   3 | 1003.0 |
               +--------+--------+--------+--------+--------+-----+--------+

Top non-repeatable levels by time:
     D:3: 1164 daAuts
     D:2: 960 daAuts
     D:1: 885 daAuts
